cohdb
Replays
Latest Replays
All Replays
Popular Replays
Top Player Replays
Match Explorer
How It Works
Community
CoH3 Stats
Reddit
Sign in to upload your games and track your stats! →
Sign in with Steam
Match 32213805
Unlisted
Match 32213805
Overview
Messages
Build Orders
End
Selects Italian Combined Arms Battlegroup
Selects Bersaglieri Squad
Bersaglieri Squad
250 Light Carrier
Bersaglieri Squad
Bersaglieri Squad
Selects Bersaglieri Bolster
Construct Light Support Kompanie
Bersaglieri Squad
Fire Support Elements
le.IG 18 Mechanized Group
Pak 38 Anti-tank Gun Team
Flakvierling Half-track
Selects Breda Model 30 Light Machine Guns
Bersaglieri Squad
Panzerpioneer Squad
Construct Panzerarmee Kommand
Armored Reserves
Selects Semovente da 75/18 Assault Gun
Selects Strafing Run
Tungsten Core Ammunition
Strafing Run
Tiger Heavy Tank
Vehicle Survival Package
Strafing Run
Emergency Repair Kits
Combat Half-tracks
Selects Artillery Cover
Strafing Run
Selects Artillery Cover
2.5-tonne Medical Truck
Bersaglieri Squad
Zippi
torbjornuser
카츄사
PubStormer
XanderB312
MY:OATZ
lap
mambo
0
0
Comments
sign in to comment!
No comments posted yet!